 Dungeon Crawl Stone Soup version 0.30.1-11-g7821555f0a (webtiles) character file.

Game seed: 9114465521208468635

553 Okkudo the Cleaver (level 7, -19/57 HPs)
             Began as a Hill Orc Monk on Dec 8, 2023.
             Demolished by Pikel
             ... wielding a +2 whip of electrocution
              (20 damage)
             ... on level 4 of the Dungeon.
             The game lasted 00:11:19 (3339 turns).

Okkudo the Cleaver (Hill Orc Monk)                  Turns: 3339, Time: 00:11:22

Health: -19/57     AC: 14    Str: 16    XL:     7   Next: 29%
Magic:  7/7        EV:  5    Int: 10    God:
Gold:   131        SH:  0    Dex: 11    Spells: 6/6 levels left

rFire   . . .        a - +0 hand axe
rCold   + . .        d - orb {light}
rNeg    . . .        i - +0 plate armour
rPois   .            D - +0 hat
rElec   .            r - +0 cloak
rCorr   .            u - +0 pair of gloves
SInv    .            (no boots)
Will    .....        C - amulet of faith Stlth
                     E - ring of protection from cold
HPRegen 0.29/turn    (no ring)
MPRegen 0.10/turn

%: random rage (3%), faith
@: confused, ambrosia-drunk, glowing
A: berserk 1, clumsy 1, deterioration 1, MP-powered wands
a: no special abilities


You were on level 4 of the Dungeon.
You visited 1 branch of the dungeon, and saw 4 of its levels.
You also visited: Sewer.

You collected 131 gold pieces.

Inventory:

Hand Weapons
 a - a +0 hand axe (weapon)
 A - a +0 scythe
Missiles
 h - 18 poisoned darts (quivered)
 w - a curare-tipped dart
 z - 2 throwing nets
Armour
 d - an orb of light (worn)
 i - a +0 plate armour (worn)
 r - a +0 cloak (worn)
 u - a +0 pair of gloves (worn)
 D - a +0 hat (worn)
Jewellery
 C - an amulet of faith (around neck)
 E - a ring of protection from cold (left hand)
Wands
 G - a wand of paralysis (13)
Scrolls
 b - 2 scrolls of amnesia
 k - 2 scrolls of blinking
 l - a scroll of magic mapping
 m - 2 scrolls of enchant armour
 o - 2 scrolls of poison
 p - 2 scrolls of teleportation
 q - a scroll of silence {unknown}
 t - a scroll of fear {unknown}
 x - a scroll of vulnerability {unknown}
 y - a scroll of summoning
Potions
 e - 2 potions of flight {unknown}
 f - 3 potions of mutation
 g - a potion of resistance {unknown}
 j - a potion of lignification {unknown}
 n - a potion of invisibility {unknown}
 s - a potion of attraction {unknown}
 v - a potion of magic {unknown}
 B - a potion of brilliance {unknown}


   Skills:
 - Level 3.6 Fighting
 * Level 9.2 Axes
 + Level 4.2 Armour
 - Level 2.4 Dodging


You had 6 spell levels left.
You didn't know any spells.
Your spell library was empty.

Dungeon Overview and Level Annotations

Branches:
Dungeon (4/15)              Sewer (visited)
 Temple: D:4-7

Altars:
Elyvilon

Shops:
D:1 *

Annotations:
D:2 1 runed translucent door, Crazy Yiuf
D:4 Pikel


Innate Abilities, Weirdness & Mutations

You sometimes lose your temper in combat.
You are clumsy. (Dex -2)
Your body sometimes deteriorates upon taking damage.
You expend magic power (3 MP) to strengthen your wands.


Message History

The lemure hits you.
You hit the lemure but do no damage.
The lemure is moderately wounded.
You barely miss the lemure. The lemure hits you. x2
You slash Pikel!
Pikel is moderately wounded.
You hit the lemure but do no damage. You hit Pikel but do no damage.
Pikel is moderately wounded.
You hit the lemure. The lemure hits you but does no damage.
You hit Pikel but do no damage.
Pikel is moderately wounded.
You closely miss the lemure. The lemure hits you.
Pikel hits you but does no damage.
You hit Pikel.
Pikel is moderately wounded.
You hit the lemure. The lemure barely misses you.
Pikel hits you with a +2 whip of electrocution!
You are electrocuted!
You hit Pikel.
Pikel is moderately wounded.
You hit the lemure. The lemure barely misses you.
Pikel hits you with a +2 whip of electrocution.
* * * LOW HITPOINT WARNING * * *
You are electrocuted!
* * * LOW HITPOINT WARNING * * *
You are confused.
You feel invigorated. The lemure hits you but does no damage.
Pikel hits you with a +2 whip of electrocution.
* * * LOW HITPOINT WARNING * * *
Unknown command.
Okay, then.
It was a potion of mutation.
You feel extremely strange.
You feel yourself wasting away.
You feel clumsy.
You feel a little pissed off.
You feel your magical essence link to the dungeon's wands.
The lemure hits you but does no damage.
Pikel hits you with a +2 whip of electrocution.
* * * LOW HITPOINT WARNING * * *
You are electrocuted!!
You die...

.'.....#.......#
.#.....#.......#
.#.....#'#########
.#..........#.#..#
.#..........#....#
.#.........<#....#
.#..........#....#
.'..........#....#
.#..........#..5@#
.#..........###K###
.###########...55.#
........# #......#
........# #......#
.##..#..# #......#
.##..#### ###......
......# #.......
......# #.........


You could see Pikel and 2 lemures.

Vanquished Creatures
  Sigmund (D:3)
  A kobold brigand (Sewer)
  2 hounds (D:4)
  Jessica (D:2)
  2 iguanas (D:4)
  Natasha (D:2)
  3 gnolls (D:3)
  5 adders
  6 worms
  A dart slug (D:3)
  8 endoplasms
  3 giant cockroaches
  5 goblins
  6 hobgoblins
  2 jackals (D:3)
  6 ball pythons
  5 bats
  A frilled lizard (D:2)
  9 kobolds
  8 rats
76 creatures vanquished.

Notes
Turn   | Place    | Note
-------+----------+-------------------------------------------
     0 | D:1      | Okkudo the Hill Orc Monk began the quest for the Orb.
     0 | D:1      | Reached XP level 1. HP: 19/19 MP: 1/1
   102 | D:1      | Found Doodgh's Assorted Antiques.
   275 | D:1      | You fall into a shaft and drop 1 floor!
   280 | D:2      | Reached XP level 2. HP: 26/26 MP: 2/2
   321 | D:2      | Reached skill level 5 in Axes
   730 | D:2      | Noticed Jessica
   739 | D:2      | Killed Jessica
   740 | D:2      | Reached skill level 1 in Armour
   740 | D:2      | Reached XP level 3. HP: 13/31 MP: 3/3
   969 | D:2      | Noticed Natasha
   975 | D:2      | Killed Natasha
   976 | D:2      | Reached skill level 6 in Axes
   976 | D:2      | Reached XP level 4. HP: 29/39 MP: 4/4
  1131 | D:2      | Found a runed translucent door.
  1132 | D:2      | Noticed Crazy Yiuf
  1388 | D:3      | Found a glowing drain.
  1402 | Sewer    | Entered a sewer
  1519 | Sewer    | Reached XP level 5. HP: 44/45 MP: 5/5
  1568 | Sewer    | Reached skill level 7 in Axes
  1628 | Sewer    | Noticed a kobold brigand
  1665 | Sewer    | Killed a kobold brigand
  1680 | Sewer    | Reached XP level 6. HP: 36/51 MP: 6/6
  1985 | D:3      | Noticed Sigmund
  2009 | D:3      | Killed Sigmund
  2010 | D:3      | Reached skill level 8 in Axes
  2126 | D:3      | Found a white marble altar of Elyvilon.
  2893 | D:4      | Reached XP level 7. HP: 57/57 MP: 7/7
  3028 | D:4      | Reached skill level 9 in Axes
  3323 | D:4      | Noticed Pikel
  3338 | D:4      | HP: 2/57 [Pikel/+2 whip of electrocution (5)]
  3339 | D:4      | Gained mutation: Your body sometimes deteriorates upon
                  | taking damage. [potion of mutation]
  3339 | D:4      | Gained mutation: You are clumsy. (Dex -2) [potion of
                  | mutation]
  3339 | D:4      | Gained mutation: You sometimes lose your temper in combat.
                  | [potion of mutation]
  3339 | D:4      | Gained mutation: You expend magic power (3 MP) to
                  | strengthen your wands. [potion of mutation]
  3339 | D:4      | Demolished by Pikel

Illustrated notes

Levels and vault maps discovered:
D:1:      spicycebolla_arrival_ecumenical, layout_rooms, serial_curves,
          eino_curves_03, eino_curves_03, eino_curves_03, eino_curves_01,
          serial_shops, shop
D:2:      layout_rooms, uniq_crazy_yiuf_cottage, uniq_natasha, uniq_jessica
D:3:      layout_loops_corners, mainiacjoe_overflow_cross_hatched,
          cheibrodos_sewer_entry_drain, uniq_sigmund
D:4:      layout_gridville, nicolae_wu_jian_immortal_techniques,
          palyth_stone_intersect, nicolae_nh_oracle_at_delphi, uniq_pikel

Skill      XL: |  1  2  3  4  5  6  7 |
---------------+----------------------+-----
Axes           | 5 6 7 8 9 |  9.2
Armour         | 1 2 3 4 |  4.2
Fighting       | |  3.6
Dodging        | |  2.4

Action                     |  1- 3 |  4- 6 |  7- 9 || total
---------------------------+-------+-------+-------++-------
  Melee: Hand axe          |    54 |   204 |    45 ||   303
  Throw: Dart              |     1 |       |       ||     1
    Use: Scroll            |       |     5 |     2 ||     7
         Potion            |       |       |     2 ||     2
 Armour: Plate armour      |    29 |   113 |    19 ||   161
         Leather armour    |     1 |       |       ||     1
  Dodge: Dodged            |    14 |    30 |    13 ||    57
